AoeStats
← Turbox

African Clearing

510613157Analyzed
4v4 RM · 1d ago on Oct 1, 2026· 41m 22s· 8 players
Game mode
Random Map
Map size
Large (8 player)
Population
200
Speed
Normal
Resources
Standard
Victory
Conquest
Starting age
Dark Age
Ending age
Imperial Age
RankedLock teamsTeams togetherTeam positionsShared explorationLock speedFull tech treeHidden civsTurbo modeCheats
Victory
Defeat
🇨🇦 Mapuche · Canada
1877
+4
🇪🇸 Italians · Spain
1689
+8
🇦🇷 Khmer · Argentina
1679
+8
🇨🇳 Cumans · China
1650
+8
🇨🇿 Varangians · Czechia
1558
-9
🇩🇴 Persians · Dominican Republic
1508
-7
🇫🇷 Spanish · France
1481
-6
🇨🇳 Mongols · China
1463
-6
[hkbb] Munzo__
10:39 Loom
13:46 Feudal Age
17:21 Castle Age
15:35 Double-Bit Axe
16:53 Fletching
17:09 Horse Collar
22:04 Bodkin Arrow
24:12 Padded Archer Armor
23:57 Town Watch
25:30 Wheelbarrow
26:07 Bow Saw
26:49 Ballistics
27:18 Heavy Plow
32:12 Leather Archer Armor
32:03 Malon
33:16 Gold Mining
33:38 Stone Mining
37:02 Imperial Age
36:35 Hand Cart
37:25 Masonry
38:14 Ring Archer Armor
38:45 Chemistry
38:08 Conscription
37:56 Butalmapu
38:14 Conscription
38:01 Butalmapu
38:16 Conscription
37:21 Elite Bolas Rider
38:48 Crop Rotation
39:26 Siege Engineers
39:41 Forging
39:10 Onager
40:57 Gold Shaft Mining
40:24 Capped Ram
niap_cinorhc
8:21 Loom
10:57 Feudal Age
11:53 Double-Bit Axe
20:25 Castle Age
19:24 Fletching
20:30 Crossbowman
21:07 Bodkin Arrow
23:30 Padded Archer Armor
24:21 Town Watch
25:11 Wheelbarrow
28:30 Hand Cart
31:25 Ballistics
32:03 Bow Saw
31:34 Horse Collar
37:00 Imperial Age
38:04 Bracer
37:24 Arbalester
38:49 Leather Archer Armor
39:40 Chemistry
38:51 Masonry
38:43 Heavy Plow
39:26 Scale Barding Armor
39:33 Forging
39:55 Bloodlines
40:16 Conscription
40:09 Light Cavalry
40:50 Husbandry
Long-Long-Way
13:09 Loom
15:26 Feudal Age
17:23 Double-Bit Axe
19:43 Castle Age
20:41 Bow Saw
27:04 Fletching
40:20 Town Watch
Jorge Garcia
10:11 Loom
13:20 Feudal Age
17:38 Castle Age
15:34 Double-Bit Axe
16:06 Fishing Lines
16:44 Gold Mining
18:52 Fletching
19:44 Bow Saw
21:17 Bodkin Arrow
24:58 Ballistics
27:26 Horse Collar
30:46 Padded Archer Armor
33:54 Imperial Age
32:56 Wheelbarrow
32:13 Stone Mining
32:24 Heavy Plow
33:12 Masonry
33:12 Town Watch
35:36 Chemistry
34:37 Bracer
37:34 Scale Mail Armor
37:35 Squires
38:00 Forging
38:44 Elite Genoese Crossbowman
39:48 Conscription
40:02 Thumb Ring
40:46 Iron Casting
40:55 Coinage
40:55 Chain Mail Armor
40:56 Leather Archer Armor
40:46 Arson
42:00 Stone Shaft Mining
41:47 Hand Cart
RD | Telematico
10:02 Loom
12:10 Feudal Age
12:51 Double-Bit Axe
18:42 Castle Age
17:54 Bloodlines
18:05 Scale Barding Armor
18:06 Fletching
19:38 Bow Saw
20:23 Husbandry
22:40 Wheelbarrow
24:15 Ballistics
30:01 Bodkin Arrow
35:05 Padded Archer Armor
37:48 Thumb Ring
39:49 Parthian Tactics
Rocgash
8:32 Loom
13:24 Feudal Age
13:59 Double-Bit Axe
21:41 Castle Age
22:35 Fletching
23:48 Bodkin Arrow
29:13 Town Watch
32:28 Ballistics
41:06 Imperial Age
Turbox
12:25 Feudal Age
13:40 Loom
14:22 Double-Bit Axe
16:56 Castle Age
15:09 Horse Collar
15:52 Gold Mining
17:13 Stone Mining
18:52 Bow Saw
26:04 Scale Barding Armor
27:56 Heavy Plow
31:42 Bloodlines
33:57 Light Cavalry
35:54 Forging
36:25 Town Watch
43:20 Imperial Age
神明
3:36 Loom
12:54 Feudal Age
16:33 Castle Age
16:38 Double-Bit Axe
19:42 Fletching
27:16 Bow Saw
28:54 Ballistics
29:52 Wheelbarrow
31:48 Gold Mining
31:56 Horse Collar
32:59 Padded Archer Armor
33:20 Elite Skirmisher
Connection lost

Rejoining the realm…

Still unreachable

The connection could not be restored.

Session expired

The server has moved on; the page needs a fresh start.